 Dungeon Crawl Stone Soup version 0.25-a0-937-gcfae464cf3 (webtiles) character file.

Game seed: 8160181413436678581, levelgen mode: deterministic

78 sanka the Chiller (level 4, 0/30 HPs)
             Began as a Barachi Ice Elementalist on May 4, 2020.
             Slain by Robin
             ... wielding a +0 whip
              (4 damage)
             ... on level 2 of the Dungeon.
             The game lasted 00:02:38 (1871 turns).

sanka the Chiller (Barachi Ice Elementalist)        Turns: 1871, Time: 00:02:39

Health: 0/30       AC:  2    Str:  9    XL:     4   Next: 36%
Magic:  1/10       EV: 12    Int: 17    God:
Gold:   17         SH:  0    Dex: 12    Spells: 7/11 levels left

rFire    . . .     SeeInvis .   f - +0 short sword
rCold    . . .     Gourm    .   (no shield)
rNeg     . . .     Faith    .   a - +0 robe
rPois    .         Spirit   .   (no helmet)
rElec    .         Reflect  .   (no cloak)
rCorr    .         Harm     .   (no gloves)
MR       .....                  (no boots)
Stlth    ++........             (no amulet)
HPRegen  0.10/turn              (no ring)
MPRegen  0.12/turn              (no ring)

@: lethally poisoned (0 -> -11), slow
A: +LOS, swims, slowness 1, strong legs 1
a: Hop


You were on level 2 of the Dungeon.
You were not hungry.

You visited 1 branch of the dungeon, and saw 2 of its levels.

You collected 17 gold pieces.


Innate Abilities, Weirdness & Mutations

You can be seen from farther away. (+LOS)
You can swim through water.
You cover ground slowly.
You can hop short distances.


   Skills:
 - Level 2.1 Dodging
 - Level 1.7 Stealth
 - Level 4.0 Spellcasting
 + Level 5.5 Ice Magic


You had 7 spell levels left.
You knew the following spells:

 Your Spells              Type           Power        Failure   Level  Hunger
y - Frozen Ramparts       Ice            ###...       4%          3    ###....
z - Freeze                Ice            ###.         1%          1    None

Your spell library contained the following spells:

 Spells                   Type           Power        Failure   Level  Hunger
 Ozocubu's Armour         Chrm/Ice       ##......     16%         3    ###....
 Hailstorm                Conj/Ice       ##......     45%         4    ####...
 Summon Ice Beast         Ice/Summ       ##......     45%         4    ####...

Inventory:

Hand Weapons
 e - a +0 dagger
 f - a +0 short sword (weapon)
Missiles
 i - 10 stones (quivered)
Armour
 a - a +0 robe (worn)
 g - a +0 cloak
Scrolls
 b - 2 scrolls of fog
 h - a scroll of teleportation {@r4}
 j - a scroll of remove curse
Comestibles
 c - 3 rations
 k - 2 chunks of flesh

Dungeon Overview and Level Annotations

Branches:
Dungeon (2/15)

Altars:

Annotations:
D:2 Robin

..▒....▒▒▒▒ ▒.▒.▒
..........▒▒▒▒▒▒▒.▒.▒
▒.......▒.......▒.▒
▒▒▒▒▒.....▒▒.▒▒▒▒▒▒.▒
.............▒▒▒▒▒▒.▒
..▒...▒.............▒
......▒.......▒▒▒▒..▒
..▒.▒.▒▒.▒.ggg▒▒▒▒..▒
......▒...▒.▒gggFg..▒
......▒.......▒▒▒▒.▒▒
..........▒...▒ ▒.▒
▒.......▒▒▒▒▒.▒▒▒▒.▒
. ▒...............▒
.▒▒▒.▒........▒▒▒▒▒▒
...▒.▒..........▒
...▒.▒.▒▒▒.▒▒▒▒.▒
...▒.▒.....▒ .▒


You could see Robin and 6 goblins.


Message History

You feel sick.
A goblin comes into view. It is wielding a +0 club.
The goblin closely misses you.
Unknown command.
Unknown command.
You aren't carrying any potions.
As you read the scroll labeled LOAREUSMATZ, it crumbles to dust.
It is a scroll of identify.
b - 2 scrolls of fog
* * * LOW HITPOINT WARNING * * *
You feel sick.
Robin says, "A pitiful Frog like you will never find the ORB!"
Robin barely misses you.
Unknown command.
As you read the scroll of identify {@r1}, it crumbles to dust.
j - a scroll of remove curse
* * * LOW HITPOINT WARNING * * *
You feel sick. The goblin hits you but does no damage.
As you read the scroll of identify {@r1}, it crumbles to dust.
h - a scroll of teleportation
* * * LOW HITPOINT WARNING * * *
You feel sick. The goblin hits you but does no damage.
Unknown command.
You closely miss the goblin.
* * * LOW HITPOINT WARNING * * *
You feel sick. Robin hits you with a +0 whip.
You die...

Action                   |  1- 3 |  4- 6 || total
-------------------------+-------+-------++-------
Melee: Unarmed           |    10 |       ||    10
       Dagger            |    24 |       ||    24
       Short sword       |     3 |     1 ||     4
 Cast: Freeze            |    35 |     7 ||    42
       Frozen Ramparts   |       |     2 ||     2
  Use: Scroll            |       |     3 ||     3
 Stab: Sleeping          |     2 |       ||     2
  Eat: Chunk             |     3 |     1 ||     4
Armor: Robe              |    11 |     2 ||    13
Dodge: Dodged            |    53 |     2 ||    55

Levels and vault maps discovered:
D:1:      heliophobic_arrival_battle_scene, layout_basic, minmay_door_square
D:2:      layout_basic, kennysheep_slug_shrine, hangedman_decor_lopped,
          chequers_serial_rivers_small_3, uniq_robin

Notes
Turn   | Place    | Note
-------+----------+-------------------------------------------
     0 | D:1      | sanka the Barachi Ice Elementalist began the quest for the
                  | Orb.
     0 | D:1      | Reached XP level 1. HP: 13/13 MP: 3/3
   335 | D:1      | Reached XP level 2. HP: 19/19 MP: 1/5
   349 | D:1      | Reached skill level 3 in Spellcasting
  1532 | D:2      | Reached XP level 3. HP: 21/24 MP: 5/8
  1563 | D:2      | Learned a level 3 spell: Frozen Ramparts
  1652 | D:2      | Reached skill level 4 in Spellcasting
  1755 | D:2      | Noticed Robin
  1802 | D:2      | Reached skill level 5 in Ice Magic
  1802 | D:2      | Reached XP level 4. HP: 27/30 MP: 5/10
  1871 | D:2      | Slain by Robin

Vanquished Creatures
  5 adders (D:2)
  2 leopard geckos
  2 bats
  2 giant cockroaches (D:1)
  6 goblins (D:1)
  4 hobgoblins
  A frilled lizard (D:1)
  4 kobolds
  6 rats (D:1)
32 creatures vanquished.
